 Dungeon Crawl Stone Soup version 0.13-a0-2474-g552a472 (webtiles) character file.

534 Rycklaryybbe the Insei (level 6, -4/45 HPs)
             Began as a Demonspawn Death Knight on July 18, 2013.
             Was a Priest of Yredelemnul.
             Slain by an ogre
             ... wielding a +0,+0 giant club
              (25 damage)
             ... on Level 4 of the Dungeon.
             The game lasted 00:14:06 (3092 turns).

Rycklaryybbe the Insei (Demonspawn Death Knight)    Turns: 3092, Time: 00:14:07

HP  -4/45        AC  6     Str 13      XL: 6   Next: 54%
MP  18/19        EV  9     Int 13      God: Yredelemnul [***...]
Gold 133         SH  0     Dex 14      Spells:  0 memorised,  5 levels left

Res.Fire  : . . .   See Invis. : .   a - +1 spear {=f}
Res.Cold  : + . .   Warding    : .   k - +0 orc ring mail
Life Prot.: + . .   Conserve   : .   (no shield)
Res.Poison: .       Res.Corr.  : .   (helmet restricted)
Res.Elec. : .       Clarity    : .   q - +0 cloak
Sust.Abil.: . .     Spirit.Shd : .   (no gloves)
Res.Mut.  : .       Stasis     : .   (no boots)
Res.Rott. : .       Flight     : .   (no amulet)
Saprovore : . . .                    o - ring of positive energy
                                     n - ring of magical power

@: slightly resistant to hostile enchantments, extremely unstealthy
A: antennae 1, claws 2, hooves 1, cold resistance 1
a: Animate Dead, Recall Undead Slaves, Injury Mirror, Renounce Religion


You were on level 4 of the Dungeon.
You worshipped Yredelemnul.
Yredelemnul was greatly pleased with you.
You were not hungry.

You visited 1 branch of the dungeon, and saw 4 of its levels.

You collected 113 gold pieces.

Inventory:

Hand weapons
 a - a +1,+1 spear (weapon) {=f}
 j - a +0,+1 elven falchion of slicing
Armour
 b - a +0 leather armour
 k - a +0 orcish ring mail (worn)
 q - a +0 cloak (worn)
Comestibles
 c - a bread ration
 f - an apple
 g - a meat ration
Scrolls
 d - 2 scrolls of identify
 e - 2 scrolls of remove curse
 h - 2 scrolls of enchant armour {unknown}
 i - 2 scrolls of teleportation
 l - a scroll of blinking
 p - a scroll of fear {unknown}
 s - a scroll of curse jewellery {unknown}
 t - a scroll of curse armour {unknown}
Jewellery
 n - a ring of magical power (left claw)
 o - a ring of positive energy (right claw)
Potions
 m - a potion of brilliance
 r - a potion of heal wounds
 u - a potion of flight


   Skills:
 - Level 2.0 Fighting
 - Level 3.8 Polearms
 - Level 0.8 Armour
 - Level 0.8 Dodging
 + Level 5.0 Unarmed Combat
 - Level 3.6 Invocations


You had 5 spell levels left.
You didn't know any spells.

Dungeon Overview and Level Annotations

Branches:
Dungeon (4/27)
 Temple: D:4-7

Altars:
Elyvilon

Annotations
D:3 Grinder


Innate Abilities, Weirdness & Mutations

You have a pair of small antennae on your head.
You have very sharp fingernails.
You have large cloven feet.
Your flesh is cold resistant.


Message History

You could not reach far enough!
Your bat skeleton barely misses the ogre.
Your bat skeleton hits the ogre.
The ogre hits your bat skeleton with a giant club!
Your bat skeleton is destroyed!
Attack whom?
Press: ? - help, Dir - move target cursor, f/p - ogre
Aim: an ogre, wielding a giant club (moderately wounded)
You reach to attack!
You hit the ogre but do no damage.
The ogre is moderately wounded.
You miss the giant newt. The giant newt bites you.
You hit the giant newt.
You kill the giant newt!
Yredelemnul accepts your kill.
You hit the ogre. You kick the ogre, but do no damage.
The ogre is heavily wounded.
The ogre hits you with a giant club!
Ouch! That really hurt!
You die...
Your body rises from the dead as a mindless zombie.

#..z.....##.#####.#
#######.###.# #.#
#.# #.# #.#
#.###.#####.#
#.....>.....#
#.######.#..# #.#
#(#..#
#.######.#..# ###
#.....@O....# <.#
#.######.#.#### #.#
#......# #.#
###....### #<#
#.......####
#.#####
#.........(.
##.....#
#.......####
###......# #
###...###
.........##.#
#...###


You could see an ogre.

Vanquished Creatures
  An ogre (D:4)
  2 hounds (D:4)
  An orc wizard (D:4)
  A scorpion (D:4)
  2 worker ants
  An ogre zombie (D:3)
  4 adders
  A worm (D:2)
  3 oozes (D:1)
  7 orcs
  8 bats
  5 giant cockroaches
  5 hobgoblins
  6 jackals
  8 kobolds
  A quokka (D:2)
  A giant gecko (D:2)
  3 giant newts
  7 goblins
  10 rats
  A rat skeleton (D:4)
78 creatures vanquished.

Vanquished Creatures (collateral kills)
  2 adders
  A worm (D:2)
  An orc (D:4)
  A hobgoblin (D:2)
  A ball python (D:2)
  A giant cockroach (D:2)
  A giant newt (D:3)
  2 goblins
  3 kobolds
  A rat (D:2)
14 creatures vanquished.

Vanquished Creatures (others)
  An ogre zombie (D:4)
  2 worker ant zombies
  A worm zombie (D:3)
  An adder zombie (D:2)
  A bat skeleton (D:4)
  A bat zombie (D:2)
  A giant newt zombie (D:3)
  2 goblin zombies (D:3)
  2 jackal zombies (D:4)
  3 kobold zombies
  2 orc zombies (D:4)
  A quokka skeleton (D:2)
  A rat zombie (D:3)
19 creatures vanquished.

Grand Total: 111 creatures vanquished

Notes
Turn   | Place    | Note
--------------------------------------------------------------
     0 | D:1      | Rycklaryybbe, the Demonspawn Death Knight, began the quest for the Orb.
     0 | D:1      | Reached XP level 1. HP: 16/16 MP: 2/2
   197 | D:1      | Gained mutation: You have large cloven feet. [demonic ancestry]
   197 | D:1      | Reached XP level 2. HP: 19/22 MP: 4/4
   866 | D:2      | Gained mutation: You have sharp fingernails. [demonic ancestry]
   866 | D:2      | Reached XP level 3. HP: 25/27 MP: 5/5
   876 | D:2      | Found a white marble altar of Elyvilon.
   882 | D:2      | Acquired Yredelemnul's second power
  1170 | D:2      | Gained mutation: You have very sharp fingernails. [demonic ancestry]
  1170 | D:2      | Reached XP level 4. HP: 34/34 MP: 7/7
  1409 | D:3      | Reached skill level 1 in Unarmed Combat
  1931 | D:3      | Gained mutation: You have a pair of small antennae on your head. [demonic ancestry]
  1931 | D:3      | Reached XP level 5. HP: 39/39 MP: 9/9
  2121 | D:3      | Noticed Grinder
  2128 | D:3      | Paralysed by Grinder for 6 turns
  2608 | D:4      | Noticed an ogre
  2614 | D:4      | Killed an ogre
  2614 | D:4      | Reached skill level 4 in Unarmed Combat
  2614 | D:4      | Gained mutation: Your flesh is cold resistant. [demonic ancestry]
  2614 | D:4      | Reached XP level 6. HP: 35/45 MP: 10/10
  2636 | D:4      | Acquired Yredelemnul's third power
  3044 | D:4      | Reached skill level 5 in Unarmed Combat
  3092 | D:4      | Slain by an ogre

Action                   |  1- 3 |  4- 6 || total
-------------------------+-------+-------++-------
Melee: Spear             |   119 |   189 ||   308
       Falchion          |       |    16 ||    16
       Unarmed           |       |     4 ||     4
Invok: Animate Remains   |    10 |    14 ||    24
       Animate Dead      |       |     3 ||     3
  Use: Potion            |       |     6 ||     6
       Scroll            |       |     4 ||     4
 Stab: Sleeping          |     1 |       ||     1
       Distracted        |       |     1 ||     1
